 Dungeon Sprint DCSS version 0.20.1-1-g8b1a95d (webtiles) character file.

2702 wojtek the Bludgeoner (level 9, -3/139 HPs)
             Began as a Minotaur Fighter on Dec 31, 2017.
             Was a Believer of Trog.
             Slain by a deep troll (16 damage)
             ... in the Dungeon (Sprint I: "Red Sonja").
             The game lasted 00:02:30 (1077 turns).

wojtek the Bludgeoner (Minotaur Fighter)            Turns: 1077, Time: 00:02:31

Health: -3/139     AC:  9    Str: 29    XL:     9   Next: 38%
Magic:  8/8        EV:  8    Int:  5    God:    Trog [**....]
Gold:   556        SH: 10    Dex: 10    Spells: 8/8 levels left

rFire    . . .     SeeInvis .   a - +0 flail
rCold    . . .     Gourm    .   c - +0 shield
rNeg     . . .     Faith    .   b - +0 scale mail
rPois    .         Spirit   .   (helmet restricted)
rElec    .         Reflect  .   (no cloak)
rCorr    .         Harm     .   (no gloves)
MR       .....     NoTele   +   (no boots)
Stlth    ..........             (no amulet)
Regen    0.4/turn               (no ring)
MPRegen  0.2/turn               (no ring)

@: berserking, very quick
A: retaliatory headbutt, horns 2
a: Berserk, Trog's Hand, Burn Spellbooks, Renounce Religion


You were in the Dungeon.
You worshipped Trog.
Trog was pleased with you.
You were very hungry.

You visited 1 branch You collected 556 gold pieces.

Inventory:

Hand Weapons
 a - a +0 flail (weapon)
Armour
 b - a +0 scale mail (worn)
 c - a +0 shield (worn)
Wands
 l - a wand of random effects (9/48)
Scrolls
 k - a scroll of blinking
Potions
 d - a potion of might
 e - a potion of curing
 g - a potion of heal wounds
 h - a potion of haste
 i - 2 potions of magic
 j - a potion of berserk rage
 n - a potion of flight {unknown}
Comestibles
 f - a bread ration


   Skills:
 + Level 13.2 Fighting
 * Level 17.3 Maces & Flails
 + Level 13.1 Armour
 - Level 3.6 Shields


You had 8 spell levels left.
You didn't know any spells.

Dungeon Overview and Level Annotations

Branches:
Dungeon (1/1)

Altars:
Cheibriados
Dithmenos
Elyvilon
Fedhas
Gozag
Hepliaklqana
Kikubaaqudgha
Makhleb
Nemelex Xobeh
Okawaru
Qazlal
Ru
Sif Muna
Trog
Uskayaw
Vehumet
Xom
Yredelemnul
Zin
The Shining One
Jiyva
Lugonu

Shops:
D [


Innate Abilities, Weirdness & Mutations

You reflexively headbutt those who attack you in melee.
You have a pair of horns on your head.


Message History

You hit the deep troll but do no damage.
The deep troll is lightly wounded.
The deep troll bites you!
* * * LOW HITPOINT WARNING * * *
The deep troll barely misses you. The deep troll closely misses you.
You closely miss the deep troll.
You headbutt the deep troll, but do no damage.
The deep troll is lightly wounded.
You thump the deep troll! Your headbutt misses the deep troll.
The deep troll is moderately wounded.
The deep troll bites you!
* * * LOW HITPOINT WARNING * * *
You block the deep troll's attack.
The deep troll claws you but does no damage.
You barely miss the deep troll.
The deep troll is moderately wounded.
You hit the deep troll.
The deep troll is moderately wounded.
The deep troll bites you!
You die...

#<.#..').#..'..#__#..')..#
#..'[.#..').#..'^.'..#)..#
#..#####'#####'#__####...+
#..####..#...#(####§§#####
#..#__####..##.#§§§§§#§$#
#..#_____##'#..)§§§§§'§§#
#⌠⌠#_.∩...'..._#§§≈§§#..#
####_..__##_.#'##'#####'#
#_____###+#)#@(§[# {'.
####### ####T### #.# .$$
§# #### #


You could see a deep troll.

Vanquished Creatures
  2 centaur warriors (D)
  2 kobold demonologists (D)
  A hornet (D)
  A slime creature (D)
  Sigmund (D)
  A yak (D)
  A floating eye (D)
  An ogre (D)
  A jelly (D)
  Ijyb (D)
12 creatures vanquished.

Vanquished Creatures (others)
  2 hornets (D)
2 creatures vanquished.

Grand Total: 14 creatures vanquished

Notes
Turn   | Place    | Note
-------+----------+-------------------------------------------
     0 | D        | wojtek the Minotaur Fighter began the quest for the Orb.
     0 | D        | Reached XP level 1. HP: 19/19 MP: 0/0
     1 | D        | Noticed Ijyb
    10 | D        | Killed Ijyb
    10 | D        | Reached skill level 5 in Fighting
    10 | D        | Reached skill level 5 in Maces & Flails
    10 | D        | Reached XP level 2. HP: 29/29 MP: 1/1
    18 | D        | Noticed an ogre
    23 | D        | Killed an ogre
    23 | D        | Reached skill level 8 in Maces & Flails
    23 | D        | Reached XP level 3. HP: 38/38 MP: 2/2
    23 | D        | Reached XP level 4. HP: 45/45 MP: 3/3
    32 | D        | Noticed Sigmund
    37 | D        | Killed Sigmund
    37 | D        | Reached skill level 10 in Maces & Flails
    37 | D        | Reached XP level 5. HP: 56/56 MP: 4/4
    37 | D        | Reached XP level 6. HP: 62/62 MP: 5/5
    50 | D        | Found a burning altar of Makhleb.
    50 | D        | Found a viscous altar of Jiyva.
    50 | D        | Found a shimmering altar of Xom.
    50 | D        | Found a corrupted altar of Lugonu.
    50 | D        | Noticed a slime creature
    59 | D        | Killed a slime creature
    59 | D        | Reached skill level 12 in Maces & Flails
   105 | D        | Found a deep blue altar of Sif Muna.
   107 | D        | Found a radiant altar of Vehumet.
   135 | D        | Found Jur Secs's Antique Armour Emporium.
   135 | D        | Found an ancient bone altar of Kikubaaqudgha.
   135 | D        | Found a hazy altar of Hepliaklqana.
   135 | D        | Found a stormy altar of Qazlal.
   135 | D        | Found a hide-covered altar of Uskayaw.
   135 | D        | Found a blossoming altar of Fedhas.
   135 | D        | Found a bloodstained altar of Trog.
   135 | D        | Found an iron altar of Okawaru.
   135 | D        | Found a basalt altar of Yredelemnul.
   135 | D        | Found a glowing golden altar of the Shining One.
   135 | D        | Found a snail-covered altar of Cheibriados.
   135 | D        | Found a sacrificial altar of Ru.
   135 | D        | Found a glowing silver altar of Zin.
   135 | D        | Found a shadowy altar of Dithmenos.
   135 | D        | Found a white marble altar of Elyvilon.
   135 | D        | Noticed a yak
   140 | D        | Killed a yak
   140 | D        | Reached skill level 10 in Fighting
   140 | D        | Reached skill level 13 in Maces & Flails
   140 | D        | Reached skill level 10 in Armour
   140 | D        | Reached XP level 7. HP: 45/72 MP: 6/6
   141 | D        | Found an opulent altar of Gozag.
   144 | D        | Found a sparkling altar of Nemelex Xobeh.
   149 | D        | Became a worshipper of Trog the Wrathful
   271 | D        | Noticed a kobold demonologist
   272 | D        | Noticed a kobold demonologist
   273 | D        | Paralysed by a floating eye for 3 turns
   284 | D        | Killed a kobold demonologist
   284 | D        | Reached * piety under Trog
   284 | D        | Reached skill level 14 in Maces & Flails
   292 | D        | Noticed a hellwing
   294 | D        | Noticed a red devil
   296 | D        | Killed a kobold demonologist
   296 | D        | Reached XP level 8. HP: 65/82 MP: 7/7
   372 | D        | Noticed a centaur warrior
   381 | D        | Killed a centaur warrior
   381 | D        | Reached ** piety under Trog
   381 | D        | Reached skill level 16 in Maces & Flails
   391 | D        | Noticed a hornet
   412 | D        | Noticed a centaur warrior
   421 | D        | Killed a centaur warrior
   421 | D        | Reached skill level 17 in Maces & Flails
   421 | D        | Reached XP level 9. HP: 69/93 MP: 8/8
   527 | D        | Paralysed by a hornet for 2 turns
   846 | D        | Noticed an oklob plant
  1067 | D        | Noticed a deep troll
  1077 | D        | Slain by a deep troll

Skill      XL: |  1  2  3  4  5  6  7  8  9 |
---------------+----------------------------+-----
Fighting       | 5 6 8 10 11 13 | 13.2
Maces & Flails | 5 8 10 13 14 17 | 17.3
Armour         | 4 6 8 10 11 12 13 | 13.1
Shields        | |  3.6

Action                   |  1- 3 |  4- 6 |  7- 9 || total
-------------------------+-------+-------+-------++-------
Melee: Flail             |    13 |    19 |    51 ||    83
       Headbutt          |     4 |    10 |     9 ||    23
Invok: Berserk           |       |       |     1 ||     1
Evoke: Wand              |       |       |     2 ||     2
Armor: Scale mail        |     1 |     1 |    29 ||    31
Dodge: Dodged            |     9 |     1 |     7 ||    17
Block: Shield            |     4 |     5 |    25 ||    34
